 Dungeon Crawl Stone Soup version 0.30-a0-879-ga8ba668304 (webtiles) character file.

Game seed: 15392439294690695693

308 AtlasWard the Trooper (level 6, -2/66 HPs)
             Began as an Ogre Cinder Acolyte on Mar 12, 2023.
             Was a High Priest of Ignis.
             Slain by a scorpion (4 damage)
             ... on level 3 of the Dungeon.
             The game lasted 00:07:22 (2600 turns).

AtlasWard the Trooper (Ogre Cinder Acolyte)         Turns: 2600, Time: 00:07:23

Health: -2/66      AC:  3    Str: 21    XL:     6   Next: 40%
Magic:  7/9        EV:  9    Int: 15    God:    Ignis [*****.]
Gold:   151        SH:  0    Dex:  4    Spells: 7/9 levels left

rFire   + . .      SeeInvis .    a - -1 mace (flame)
rCold   . . .      Faith    .    (no shield)
rNeg    . . .      Spirit   .    d - +0 robe
rPois   .          Reflect  .    (helmet restricted)
rElec   .          Rampage  .    (no cloak)
rCorr   .                        (gloves unavailable)
Will    .....                    (boots unavailable)
Stlth   +                        (no amulet)
HPRegen 0.31/turn                (no ring)
MPRegen 0.11/turn                (no ring)

@: lethally poisoned (-2 -> -7), hasted, very quick
A: large, unfitting armour, tough skin 1
a: Renounce Religion, Fiery Armour, Foxfire Swarm, Rising Flame


You were on level 3 of the Dungeon.
You worshipped Ignis.
Ignis was extremely pleased with you.
You visited 1 branch of the dungeon, and saw 3 of its levels.

You collected 151 gold pieces.

Inventory:

Hand Weapons
 a - a -1 mace of flaming (weapon)
 b - a +0 club
Missiles
 e - 6 poisoned darts (quivered)
Armour
 d - a +0 robe (worn)
 p - a +0 tower shield
Scrolls
 c - 2 scrolls of vulnerability {unknown}
 g - 3 scrolls of identify {unknown}
 h - a scroll of enchant armour {unknown}
 j - a scroll of teleportation {unknown}
 k - a scroll of magic mapping {unknown}
 l - a scroll of poison {unknown}
 o - a scroll of summoning {unknown}
Potions
 f - a potion of haste
 i - 2 potions of heal wounds {unknown}
 m - a potion of berserk rage {unknown}
 n - 2 potions of flight {unknown}
 q - a potion of lignification {unknown}
 r - 3 potions of ambrosia {unknown}


   Skills:
 + Level 5.5 Fighting
 * Level 4.8 Maces & Flails
 - Level 2.0 Spellcasting
 + Level 3.8 Fire Magic


You had 7 spell levels left.
You knew the following spells:

 Your Spells              Type           Power      Damage    Failure   Level
a - Scorch                Fire           26%        2d6       7%          2

Your spell library contained the following spells:

 Spells                   Type           Power      Damage    Failure   Level


Dungeon Overview and Level Annotations

Branches:
Dungeon (3/15)

Altars:
The Shining One


Innate Abilities, Weirdness & Mutations

You are too large for most types of armour.
You have tough skin. (AC +1)


Message History

You feel very sick.
You feel sick. The quokka bites you.
* * * LOW HITPOINT WARNING * * *
You see here a frilled lizard corpse.
You feel sick.
You see here a +0 robe.
You are too injured to fight recklessly!
You barely miss the quokka.
You feel sick. The quokka bites you.
* * * LOW HITPOINT WARNING * * *
You completely miss the quokka.
You feel sick. The quokka barely misses you. The quokka bites you.
* * * LOW HITPOINT WARNING * * *
You barely miss the quokka.
You feel sick. The quokka misses you.
You miss the quokka.
You feel sick.
The quokka bites you but does no damage.
You hit the quokka. You burn the quokka.
You kill the quokka!
You feel sick.
You are no longer poisoned.
The scorpion stings you but does no damage.
Casting: Scorch (safe; 7% risk of failure)
Confirm with . or Enter, or press ? or * to list all spells.
Flames lash the dart slug.
The dart slug is heavily wounded.
The dart slug's fire resistance burns away.
The scorpion stings you.
* * * LOW HITPOINT WARNING * * *
You are lethally poisoned!
The scorpion poisons you!
Unknown command.
Unknown command.
You hit the scorpion. You burn the scorpion.
The scorpion is heavily wounded.
* * * LOW HITPOINT WARNING * * *
You feel very sick.
The scorpion stings you but does no damage.
It was a potion of haste.
You feel yourself speed up.
* * * LOW HITPOINT WARNING * * *
You feel sick. The scorpion stings you.
You die...

#...#..# ..
#.###### .#
##.'.# #
#..'.#
#..###
##....# #
#w.s#.#''#.#
#s#..)......
#@#####.#.##
#...# .#
...>.## #
######


You could see a scorpion and a dart slug (combustible).

Vanquished Creatures
  An ice beast (D:3)
  A howler monkey (D:3)
  Jessica (D:2)
  Terence (D:2)
  6 adders
  2 worms (D:2)
  3 dart slugs
  6 endoplasms
  3 giant cockroaches
  6 goblins
  3 hobgoblins
  5 kobolds
  4 quokkas
  4 ball pythons
  2 bats (D:2)
  3 frilled lizards
  2 goblin skeletons (D:3)
  3 hobgoblin zombies (D:3)
  2 kobold skeletons (D:3)
  An orc skeleton (D:3)
  An orc zombie (D:3)
  5 rats
65 creatures vanquished.

Notes
Turn   | Place    | Note
-------+----------+-------------------------------------------
     0 | D:1      | AtlasWard the Ogre Cinder Acolyte began the quest for the
                  | Orb.
     0 | D:1      | Reached XP level 1. HP: 24/24 MP: 2/2
   292 | D:1      | Reached XP level 2. HP: 30/32 MP: 4/4
   612 | D:1      | Reached XP level 3. HP: 40/40 MP: 5/5
   635 | D:1      | Found a faded altar of an unknown god.
  1116 | D:2      | Noticed Jessica
  1225 | D:2      | Killed Jessica
  1226 | D:2      | Reached XP level 4. HP: 47/49 MP: 5/7
  1231 | D:2      | Learned a level 2 spell: Scorch
  1575 | D:2      | Noticed Terence
  1587 | D:2      | Killed Terence
  1718 | D:2      | Reached XP level 5. HP: 46/55 MP: 8/8
  2021 | D:3      | Reached skill level 5 in Fighting
  2065 | D:3      | Found a glowing golden altar of the Shining One.
  2245 | D:3      | Noticed an ice beast
  2270 | D:3      | Killed an ice beast
  2271 | D:3      | Reached XP level 6. HP: 11/66 MP: 1/9
  2599 | D:3      | HP: 3/66 [poisoned by a scorpion]
  2600 | D:3      | Slain by a scorpion

Illustrated notes

Levels and vault maps discovered:
D:1:      dpeg_arrival_pits, layout_loops_corners,
          hellmonk_ecumenical_altar_leap_of_faith, minmay_misc_feat_encased
D:2:      layout_rooms, uniq_jessica, uniq_terence
D:3:      layout_basic, nicolae_tso_besieged_by_evil, grunt_ministairs_14,
          st_stairs_13, minmay_mini_jars, uniq_sigmund

Skill      XL: |  1  2  3  4  5 |
---------------+----------------+-----
Maces & Flails | 3 4 |  4.8
Fire Magic     | 3 |  3.8
Spellcasting   | 2 |  2.0
Fighting       | 5 |  5.5

Action                     |  1- 3 |  4- 6 || total
---------------------------+-------+-------++-------
  Melee: Mace              |    74 |   121 ||   195
         Punch             |     1 |     2 ||     3
         Club              |       |    33 ||    33
   Cast: Scorch            |       |     8 ||     8
    Use: Potion            |       |     1 ||     1
 Armour: Robe              |    20 |    66 ||    86
  Dodge: Dodged            |    31 |    83 ||   114

Table legend: (Time is in decaauts)
 A = Elapsed time spent in this place.
 B = Non-inter-level travel time spent in this place.
 C = Inter-level travel time spent in this place.
 D = Time resting spent in this place.
 E = Time spent auto-exploring this place.
 F = Levels seen in this place.
 G = Mean time per level.
                   A        B        C        D        E       F      G
               +--------+--------+--------+--------+--------+-----+--------+
         Total |   2651 |   2590 |     61 |      0 |   2024 |   3 |  883.7 |
       Dungeon |   2651 |   2590 |     61 |      0 |   2024 |   3 |  883.7 |
               +--------+--------+--------+--------+--------+-----+--------+

Top non-repeatable levels by time:
     D:1: 1299 daAuts
     D:2: 760 daAuts
     D:3: 591 daAuts
